 Dungeon Crawl Stone Soup version 0.23.2-33-g5129a83184 (console) character file.

Game seed: 950022554301509786

178 FlyingSalmon the Conjurer (level 5, -1/28 HPs)
             Began as a Deep Elf Conjurer on Aug 1, 2019.
             Was an Initiate of Vehumet.
             Slain by a scorpion (3 damage)
             ... on level 4 of the Dungeon.
             The game lasted 00:12:04 (3893 turns).

FlyingSalmon the Conjurer (Deep Elf Conjurer)       Turns: 3893, Time: 00:12:05

Health: -1/28      AC:  3    Str:  5    XL:     5   Next: 32%
Magic:  14/14      EV: 13    Int: 21    God:    Vehumet [......]
Gold:   211        SH:  0    Dex: 15    Spells: 10/13 levels left

rFire    . . .     SeeInvis .   g - +0 dagger
rCold    . . .     Gourm    .   (no shield)
rNeg     . . .     Faith    .   a - +1 robe
rPois    .         Spirit   .   (no helmet)
rElec    .         Reflect  .   (no cloak)
rCorr    .         Harm     .   (no gloves)
MR       .....                  (no boots)
Stlth    ++........             (no amulet)
HPRegen  0.09/turn              (no ring)
MPRegen  0.14/turn              (no ring)

@: lethally poisoned (-1 -> -9)
A: no striking features
a: Renounce Religion


You were on level 4 of the Dungeon.
You worshipped Vehumet.
Vehumet was noncommittal.
You were hungry.

You visited 2 branches of the dungeon, and saw 6 of its levels.

You collected 211 gold pieces.

Inventory:

Hand Weapons
 g - a +0 dagger (weapon)
Missiles
 b - 190 stones (quivered)
Armour
 a - a +1 robe (worn)
Jewellery
 o - an uncursed ring of fire {unknown}
Scrolls
 d - 2 scrolls of teleportation
 j - a scroll of fog
 l - 2 scrolls of amnesia
Potions
 e - a potion of flight {unknown}
 f - a potion of haste {unknown}
 h - 2 potions of might {unknown}
 i - 3 potions of agility
 k - a potion of magic {unknown}
 n - 2 potions of curing {unknown}
 p - 2 potions of lignification {unknown}
Comestibles
 c - 8 rations


   Skills:
 - Level 2.4 Dodging
 - Level 2.4 Stealth
 + Level 4.9 Spellcasting
 * Level 6.5 Conjurations


You had 10 spell levels left.
You knew the following spells:

 Your Spells              Type           Power        Failure   Level  Hunger
a - Magic Dart            Conj           ####         1%          1    None
b - Searing Ray           Conj           ####..       1%          2    None

Your spell library contained the following spells:

 Spells                   Type           Power        Failure   Level  Hunger
 Iskenderun's Mystic Bla  Conj           ####....     8%          4    ####...
 Dazzling Spray           Conj/Hex       ###...       9%          3    ##.....
 Force Lance              Conj/Tloc      ###.....     28%         4    ####...
 Fulminant Prism          Conj/Hex       ###.......   28%         4    ####...


Dungeon Overview and Level Annotations

Branches:
Dungeon (5/15)             Temple (1/1) D:4

Altars:
Ashenzari
Cheibriados
Dithmenos
Elyvilon
Fedhas
Gozag
Hepliaklqana
Kikubaaqudgha
Makhleb
Nemelex Xobeh
Okawaru
Qazlal
Ru
Sif Muna
Trog
Uskayaw
Vehumet
Wu Jian
Xom
Yredelemnul
Zin
The Shining One

Annotations:
D:3 Sigmund
D:4 Edmund


Message History

The jackal closely misses you. The jackal completely misses you.
The scorpion stings you.
You are poisoned.
The scorpion poisons you!
There is a stone staircase leading up here.
You feel sick.
The jackal bites you but does no damage.
The jackal bites you. The scorpion stings you!
The jackal bites you but does no damage.
You climb upwards.
Level annotation: Edmund You feel sick.
There is a stone staircase leading down here.
You feel sick. The jackal barely misses you. The scorpion stings you!
* * * LOW HITPOINT WARNING * * *
The jackal bites you.
* * * LOW HITPOINT WARNING * * *
* * * LOW HITPOINT WARNING * * *
You feel sick. The scorpion stings you.
You die...

### ##.....## ##.#
##.......## #..#
#.........# #..##
#.........# # #...#
#.........# ###.#.#
#.........###########
.#.†#.#
#.......>.#....<....#
...##.#
#......shh#.........##
...##.#
#.......@.#..........##
...##.#
#.........#...........#
.#.##.#
#...................#.###
...##.#
#....?......####.####....
...##.# ##<......##.#
#... ##### ....#.##
##.....###.# ####.#
.#.....# ##..### #.# #
##.....## ##.## #.#
........#####..####.### #


You could see a scorpion and 2 jackals.

Vanquished Creatures
  A hound (D:4)
  6 adders
  An ooze (D:2)
  An adder zombie (D:3)
  4 worms
  2 leopard geckos
  6 orcs (D:3)
  2 giant cockroaches
  5 goblins
  6 hobgoblins
  A jackal (D:1)
  4 quokkas
  A ball python (D:2)
  A ball python skeleton (D:4)
  15 bats
  3 kobolds
  9 rats
68 creatures vanquished.

Notes
Turn   | Place    | Note
-------+----------+-------------------------------------------
     0 | D:1      | FlyingSalmon the Deep Elf Conjurer began the quest for the
                  | Orb.
     0 | D:1      | Reached XP level 1. HP: 10/10 MP: 6/6
   453 | D:1      | Reached XP level 2. HP: 15/15 MP: 6/8
   822 | D:1      | Learned a level 2 spell: Searing Ray
   894 | D:1      | Reached skill level 5 in Conjurations
  1381 | D:2      | Reached XP level 3. HP: 14/19 MP: 5/10
  1499 | D:2      | Found a shimmering altar of Xom.
  2044 | D:2      | Reached XP level 4. HP: 24/24 MP: 7/12
  2131 | D:2      | Found a blossoming altar of Fedhas.
  2597 | D:3      | Reached skill level 6 in Conjurations
  2715 | D:3      | Noticed Sigmund
  2981 | D:3      | Found a blossoming altar of Fedhas.
  2990 | D:3      | Found an opulent altar of Gozag.
  3322 | D:4      | Reached XP level 5. HP: 28/28 MP: 11/14
  3491 | D:4      | Noticed Edmund
  3501 | D:4      | Found a staircase to the Ecumenical Temple.
  3508 | Temple   | Entered the Ecumenical Temple
  3692 | Temple   | Became a worshipper of Vehumet
  3885 | D:5      | Entered Level 5 of the Dungeon
  3893 | D:4      | Slain by a scorpion

Skill      XL: |  1  2  3  4 |
---------------+-------------+-----
Conjurations   | 5 6 |  6.5
Spellcasting   | 4 |  4.9
Dodging        | |  2.4
Stealth        | |  2.4

Action                   |  1- 3 |  4- 6 || total
-------------------------+-------+-------++-------
Melee: Dagger            |    10 |     1 ||    11
Throw: Stone             |     5 |       ||     5
 Cast: Magic Dart        |    48 |    30 ||    78
       Searing Ray       |     9 |    17 ||    26
  Use: Scroll            |     6 |     1 ||     7
  Eat: Chunk             |     3 |     2 ||     5
       Ration            |       |     1 ||     1
Armor: Robe              |    15 |     7 ||    22
Dodge: Dodged            |    26 |    19 ||    45
